Description

test writing build taken from my game

Replay - MikeHunt v saccharose - Тритон РВ

Build Order

Get SALT Encoding   

  12  0:01   Drone  
  13  0:12   Overlord  
  13  0:17   Drone  
  14  0:30   Drone x3  
  17  0:44   Spawning Pool  
  17  0:48   Drone  
  17  1:01   Drone  
  18  1:12   Hatchery  
  18  1:15   Extractor  
  18  1:17   Drone x2  
  18  1:32   Zergling x2  
  19  1:38   Queen  
  21  1:40   Drone  
  21  1:46   Roach Warren  
  21  1:52   Overlord  
  22  2:14   Queen  
  24  2:25   Queen  
  24  2:26   Roach x2  
  30  2:32   Roach  
  32  2:56   Overlord  
  36  3:16   Overlord  
  40  3:20   Lair  
  50  3:49   Extractor x3, Overlord  
  51  4:23   Spire  
  52  4:34   Roach x4  
  57  4:53   Roach x2  
  57  4:56   Metabolic Boost  
  59  5:01   Baneling Nest  
  59  5:02   Evolution Chamber x2  
  60  5:37   Mutalisk x5  
  60  5:42   Spore Crawler x2  
  69  5:44   Hatchery, Overseer  
  69  5:47   Extractor  
  65  5:59   Zerg Ground Armor Level 1  
  65  6:01   Zerg Melee Weapons Level 1  
  72  6:22   Queen  
  88  7:01   Roach  
  90  7:12   Mutalisk x5  
  102  7:24   Extractor  
  102  7:28   Glial Reconstitution  
  104  7:34   Queen  
  106  7:55   Infestation Pit, Zerg Missile Weapons Level 1  
  106  7:57   Centrifical Hooks  
  106  7:58   Zergling x18  
Spawning Tool Build Advisor. Get it on Overwolf

Go to:

Details

  • Created by: saccharose
  • Published on: Jan 22, 2020
  • Modified on: Jan 22, 2020
  • Patch: 4.11.0
Show
View Real Time Build Order
Export as new Build Order

Comments (0)

There are no comments. Be the first!

Create an account to comment!